 Dungeon Crawl Stone Soup version 0.30-a0-1160-g6e42c06551 (webtiles) character file.

Game seed: 12314816536722752265

5142 Arzdou the Thaumaturge (level 10, -8/60 HPs)
             Began as a Djinni Fire Elementalist on Apr 25, 2023.
             Was a Priest of Hepliaklqana.
             Shot with a sling bullet by Joseph (18 damage)
             ... on level 8 of the Dungeon.
             The game lasted 00:20:31 (6804 turns).

Arzdou the Thaumaturge (Djinni Fire Elementalist)   Turns: 6804, Time: 00:20:31

Health: -8/60      AC:  7    Str:  7    XL:     10   Next: 89%
Gold:   359        EV: 14    Int: 21    God:    Hepliaklqana [***...] SH:  0 Dex: 20

rFire   + + +        r - +2 short sword (vamp)
rCold   . . .        E - orb {light}
rNeg    . . .        n - +1 robe {rC+ rF+}
rPois   ∞            g - +0 helmet
rElec   .            h - +0 cloak
rCorr   .            k - +1 Delatra's gloves {ID++}
SInv    .            (boots unavailable)
Will    ++...        (no amulet)
Stlth   +            o - ring of willpower
HPRegen 0.30/turn    p - +6 ring of dexterity
MPRegen 0.00/turn

%: infuse magic (-9 HP)
@: flying, hasted, glowing, very quick
A: reduced essence, sickness immunity, fire resistance 2, cold vulnerability 1,
float, innate caster, HP casting, extra vitality 1
a: Renounce Religion, Recall Ancestor, Ancestor Identity, Transference


You were on level 8 of the Dungeon.
You worshipped Hepliaklqana.
Hepliaklqana was most pleased with you.
You visited 1 branch of the dungeon, and saw 8 of its levels.
You also visited: Ossuary.

You collected 457 gold pieces.
You spent 98 gold pieces at shops.

Inventory:

Hand Weapons
 r - a +2 vampiric short sword (weapon)
Missiles
 c - 4 throwing nets
Armour
 g - a +0 helmet (worn)
 h - a +0 cloak (worn)
 k - the +1 Delatra's gloves (worn) {ID++}
   (You found it on level 2 of the Dungeon)

   ID++:      It heals its wearer when they drink unknown potions, and restores
   their MP when they read unknown scrolls.
 n - a +1 robe of resistance (worn)
 C - +0 steam dragon scales
 E - an orb of light (worn)
Jewellery
 o - a ring of willpower (left hand)
 p - a +6 ring of dexterity (right hand)
Wands
 l - a wand of flame (63)
 z - a wand of roots (11)
Scrolls
 b - 2 scrolls of silence
 e - 2 scrolls of vulnerability
 j - 3 scrolls of teleportation
 m - a scroll of immolation
 q - a scroll of noise {unknown}
 s - 3 scrolls of magic mapping
 u - a scroll of identify
 x - a scroll of enchant weapon {unknown}
 y - a scroll of butterflies {unknown}
 A - a scroll of fog
 D - a scroll of enchant armour {unknown}
Potions
 a - 2 potions of heal wounds {unknown}
 d - a potion of mutation {unknown}
 f - 2 potions of haste
 i - 2 potions of lignification {unknown}
 t - a potion of might {unknown}
 v - 2 potions of brilliance {unknown}
 w - 3 potions of curing
 B - 2 potions of attraction {unknown}


   Skills:
 * Level 3.8 Fighting
 + Level 0.3 Short Blades
 + Level 3.7 Dodging
 + Level 2.4 Stealth
 + Level 0.1 Unarmed Combat
 * Level 11.3 Spellcasting


You knew the following spells:

 Your Spells              Type           Power      Damage    Failure   Level
a - Foxfire               Conj/Fire      100%       2x1d9     1%          1
b - Scorch                Fire           100%       2d9       1%          2
c - Volatile Blastmotes   Fire/Tloc      100%       2d18      1%          3
d - Inner Flame           Hex/Fire       56%        N/A       1%          3
e - Flame Wave            Conj/Fire      56%        2d13      1%          4
f - Magic Dart            Conj           100%       1d8       1%          1
g - Ensorcelled Hibernat  Hex/Ice        100%       N/A       1%          2
h - Vhi's Electric Charg  Tloc/Air       100%       N/A       1%          3
i - Confusing Touch       Hex            56%        N/A       1%          3
Your spell library was empty.

Dungeon Overview and Level Annotations

Branches:
Dungeon (8/15)             Temple (0/1) D:6         Ossuary (visited)
   Lair: D:8-11

Altars:
Gozag
Hepliaklqana
Makhleb
Okawaru
Qazlal
Uskayaw

Shops:
D:2 [

Annotations:
D:8 Joseph


Innate Abilities, Weirdness & Mutations

Your life essence is reduced to manifest your ancestor. (-10% HP)
You are immune to sickness and miasma.
You are immune to poison.
Your flesh is very heat resistant. (rF++)
You are vulnerable to cold. (rC-)
You float through the air rather than walking.
You learn spells naturally, not from books.
Your magical power is your life essence.
You have superior vitality. (+4 MHP)


Message History

The kobold hits Seria but does no damage.
Something hits Seria!
Seria is destroyed!
Casting: Scorch (safe; 1% risk of failure)
Confirm with . or Enter, or press ? or * to list all spells.
Flames lash the kobold brigand.
You kill the kobold brigand!
You see here an orb of light.
Okay, then.
You start putting on your armour.
You continue putting on your orb of light. x4
Joseph zaps a wand.
The bolt of dispelling energy hits the kobold!
The kobold dies!
The bolt of dispelling energy hits the kobold!!
The kobold dies!
The bolt of dispelling energy misses you.
You finish putting on your orb of light.
You feel yourself speed up.
Casting: Scorch (safe; 1% risk of failure)
Confirm with . or Enter, or press ? or * to list all spells.
Flames lash Joseph.
Joseph is moderately wounded.
Joseph's fire resistance burns away.
Casting: Scorch (safe; 1% risk of failure)
Confirm with . or Enter, or press ? or * to list all spells.
Casting: Flame Wave (dangerous; 1% risk of failure)
Press: ? - help, Dir - look around, f - activate A wave of flame ripples out! (Press . to intensify the flame waves.)
* * * LOW HITPOINT WARNING * * *
Joseph unwields a +0 quarterstaff.
Joseph wields a +0 sling.
Joseph shoots a sling bullet.
The sling bullet hits you!
* * * LOW HITPOINT WARNING * * *
A wave of flame ripples out!
The flame wave engulfs Joseph!
Joseph is burned terribly!
Joseph is heavily wounded.
* * * LOW HITPOINT WARNING * * *
Joseph shoots a sling bullet.
The sling bullet hits you!!
You die...

#.# ##.##........# #.#
#........##..# #.#
#......##.##..# #.#
#.....#.#......# #.#
#.#........##.##
.......#.##.# .#
######..#.##.##.#...~. .
#..#........#.....#.
##...@...###....Y...)
#....).### #~..#..#
#..###@# .....##. #..###.#
......#
######..#..)#######@K..#.#
..................K)......
######..#...####.###~.....
#...##.# #.# #....
#.......# #.# ...


You could see Joseph (combustible).

Vanquished Creatures
  Maggie (D:6)
  Sigmund (D:4)
  Eustachio (D:5)
  A wyvern (D:8)
  Duvessa (D:4)
  4 ice beasts (D:8)
  4 sky beasts
  An ogre (D:7)
  A centaur (D:5)
  A phantom (D:5)
  3 kobold brigands
  2 elf zombies (Ossuary)
  A bullfrog (D:7)
  2 scorpions
  A centaur zombie (Ossuary)
  3 human zombies (Ossuary)
  3 hounds
  Ijyb (D:5)
  An orc priest (D:4)
  3 iguanas
  2 orc wizards
  A mummy (Ossuary)
  10 adders
  4 gnolls (D:5)
  3 white imps
  2 ufetubi
  5 worms
  2 dart slugs
  18 orcs
  8 bats
  6 endoplasms
  5 giant cockroaches
  11 goblins
  8 hobgoblins
  A jackal (D:4)
  3 quokkas
  8 ball pythons
  2 frilled lizards
  22 kobolds
  8 rats
165 creatures vanquished.

Vanquished Creatures (collateral kills)
  A rime drake (D:8)
  A polar bear (D:8)
  Menkaure (D:4)
  2 water moccasins
  2 ice beasts
  An ogre (D:5)
  A phantom (D:6)
  A wolf (D:8)
  Blork the orc (D:4)
  3 elf zombies (Ossuary)
  3 scorpions
  Dowan (D:4)
  A howler monkey (D:7)
  2 centaur zombies (Ossuary)
  A hound (D:6)
  An orc priest (D:4)
  A human zombie (Ossuary)
  An iguana (D:6)
  2 orc wizards
  2 mummies (Ossuary)
  Robin (D:4)
  3 gnolls (D:5)
  An adder (D:4)
  A shadow imp (D:6)
  5 orcs
  2 hobgoblins
  A jackal (D:4)
  4 kobolds
  A frilled lizard (D:3)
  2 goblins (D:4)
50 creatures vanquished.

Vanquished Creatures (others)
  A knight (D:8)
  A goblin (D:4)
  2 kobolds (D:8)
  15 foxfires (D:1)
  3 plants (D:1)
22 creatures vanquished.

Grand Total: 237 creatures vanquished

Notes
Turn   | Place    | Note
-------+----------+-------------------------------------------
     0 | D:1      | Arzdou the Djinni Fire Elementalist began the quest for the
                  | Orb.
     0 | D:1      | Arzdou set off with the following spells memorised:
                  | Foxfire, Scorch, Volatile Blastmotes, Inner Flame, Flame
                  | Wave.
     0 | D:1      | Reached XP level 1. HP: 15/15 MP: 0/0
   112 | D:1      | Reached XP level 2. HP: 16/21 MP: 0/0
   317 | D:1      | Reached XP level 3. HP: 6/25 MP: 0/0
   317 | D:1      | Learned a level 1 spell: Magic Dart
   323 | D:1      | Reached skill level 3 in Spellcasting
   834 | D:1      | Found a faded altar of an unknown god.
   925 | D:1      | Prayed at the altar of an unknown god.
   925 | D:1      | Became a worshipper of Hepliaklqana the Forgotten
   925 | D:1      | Reached * piety under Hepliaklqana
  1133 | D:2      | Reached XP level 4. HP: 23/27 MP: 0/0
  1431 | D:2      | Found Piyfesur's Armour Shoppe.
  1439 | D:2      | Bought a +0 helmet for 49 gold pieces
  1439 | D:2      | Bought a +0 cloak for 49 gold pieces
  1635 | D:2      | Found the +1 Delatra's gloves {ID++}
  1644 | D:2      | Reached skill level 4 in Spellcasting
  1644 | D:2      | Reached XP level 5. HP: 18/31 MP: 0/0
  1644 | D:2      | Learned a level 2 spell: Ensorcelled Hibernation
  2276 | D:3      | Found an iron altar of Okawaru.
  2738 | D:4      | Reached XP level 6. HP: 31/36 MP: 0/0
  2837 | D:4      | Reached skill level 5 in Spellcasting
  2934 | D:4      | Noticed Duvessa
  2934 | D:4      | Noticed Dowan
  2960 | D:4      | Reached ** piety under Hepliaklqana
  2961 | D:4      | Remembered your ancestor Seria as a knight
  2998 | D:4      | Noticed Robin
  3019 | D:4      | Killed Robin
  3176 | D:4      | Noticed Blork the orc
  3184 | D:4      | Killed Blork the orc
  3185 | D:4      | Reached XP level 7. HP: 35/40 MP: 0/0
  3185 | D:4      | Learned a level 3 spell: Vhi's Electric Charge
  3274 | D:4      | Reached skill level 6 in Spellcasting
  3278 | D:4      | Killed Dowan
  3286 | D:4      | Killed Duvessa
  3644 | D:4      | Noticed Menkaure
  3656 | D:4      | Killed Menkaure
  3657 | D:4      | Reached XP level 8. HP: 11/45 MP: 0/0
  3801 | D:4      | Noticed Sigmund
  3813 | D:4      | Killed Sigmund
  3814 | D:4      | Reached skill level 7 in Spellcasting
  4027 | D:5      | Entered Level 5 of the Dungeon
  4053 | D:5      | Found an opulent altar of Gozag.
  4259 | D:5      | Noticed Ijyb
  4267 | D:5      | Killed Ijyb
  4268 | D:5      | Reached skill level 1 in Fighting
  4333 | D:5      | Found a sand-covered staircase.
  4386 | Ossuary  | Entered an ossuary
  4558 | Ossuary  | Reached skill level 8 in Spellcasting
  4558 | Ossuary  | Reached XP level 9. HP: 36/51 MP: 0/0
  4558 | Ossuary  | Learned a level 3 spell: Confusing Touch
  4927 | D:5      | Noticed Eustachio
  4957 | D:5      | Killed Eustachio
  4958 | D:5      | Reached skill level 9 in Spellcasting
  5214 | D:5      | Found a hide-covered altar of Uskayaw.
  5425 | D:6      | Found a staircase to the Ecumenical Temple.
  5672 | D:6      | Reached XP level 10. HP: 54/58 MP: 0/0
  5902 | D:6      | Noticed Maggie
  5916 | D:6      | Killed Maggie
  5917 | D:6      | Reached skill level 10 in Spellcasting
  6109 | D:7      | Reached *** piety under Hepliaklqana
  6160 | D:7      | Found a stormy altar of Qazlal.
  6391 | D:7      | Found a burning altar of Makhleb.
  6757 | D:8      | Noticed a rime drake
  6766 | D:8      | Reached skill level 11 in Spellcasting
  6774 | D:8      | Killed a rime drake
  6779 | D:8      | Noticed Joseph
  6804 | D:8      | Shot with a sling bullet by Joseph

Illustrated notes

Levels and vault maps discovered:
D:1:      wander_arrival_desolate, layout_loops_ring,
          dilly_ecumenical_altar_fadedgnrine, kennysheep_crisscross
D:2:      minmay_alternating_diamond, layout_rooms, serial_shops, shop,
          pf_guarded_unrand_delatra
D:3:      layout_basic, amcnicky_altar_gilded
D:4:      layout_basic, uniq_sigmund, uniq_menkaure, uniq_duvessa, uniq_robin,
          uniq_blork_the_orc
D:5:      layout_basic, mainiacjoe_overflow_catwalk,
          mainiacjoe_overflow_cross_hatched, enter_ossuary_5, uniq_ijyb,
          uniq_eustachio
D:6:      layout_rooms, mainiacjoe_overflow_alcove_2, minmay_temple_entry_ruins,
          uniq_maggie
D:7:      layout_gridville, nicolae_qazlal_beasts_of_the_sky,
          makhleb_heckhound_becter
D:8:      layout_loops_corners, nicolae_tso_swordbearing_angel,
          hellmonk_lair_entry_icy, st_stairs_12, uniq_joseph

Skill      XL: |  1  2  3  4  5  6  7  8  9 10 |
---------------+-------------------------------+-----
Spellcasting   | 3 4 5 6 8 9 11 | 11.3
Stealth        | 2 |  2.4
Fighting       | 1 2 3 |  3.8
Dodging        | 3 |  3.7
Short Blades   | |  0.3
Unarmed Combat | |  0.1

Action                     |  1- 3 |  4- 6 |  7- 9 | 10-12 || total
---------------------------+-------+-------+-------+-------++-------
  Melee: Unarmed           |    10 |       |       |       ||    10
         Dagger            |     1 |     3 |       |       ||     4
         Short sword       |       |     2 |     2 |     1 ||     5
   Cast: Foxfire           |    13 |       |       |       ||    13
         Scorch            |    35 |    59 |    82 |    34 ||   210
         Magic Dart        |       |    54 |     7 |    23 ||    84
         Volatile Blastmot |       |     2 |       |       ||     2
         Flame Wave        |       |     1 |    14 |     6 ||    21
         Inner Flame       |       |       |     1 |       ||     1
         Ensorcelled Hiber |       |       |     2 |       ||     2
 Invoke: Ancestor Identity |     1 |     1 |       |       ||     2
         Ancestor Life: Kn |       |     1 |       |       ||     1
    Use: Potion            |       |       |     2 |     1 ||     3
         Scroll            |       |       |     4 |     3 ||     7
 Armour: Robe              |    10 |     9 |    24 |    12 ||    55
  Dodge: Dodged            |    29 |    23 |    57 |    17 ||   126

Table legend: (Time is in decaauts)
 A = Elapsed time spent in this place.
 B = Non-inter-level travel time spent in this place.
 C = Inter-level travel time spent in this place.
 D = Time resting spent in this place.
 E = Time spent auto-exploring this place.
 F = Levels seen in this place.
 G = Mean time per level.
                   A        B        C        D        E       F      G
               +--------+--------+--------+--------+--------+-----+--------+
         Total |   6798 |   6594 |    204 |    141 |   5266 |   9 |  755.3 |
       Dungeon |   6433 |   6229 |    204 |    141 |   4979 |   8 |  804.1 |
       Ossuary |    365 |    365 |      0 |      0 |    287 |   1 |  365.0 |
               +--------+--------+--------+--------+--------+-----+--------+

Top non-repeatable levels by time:
     D:4: 1310 daAuts
     D:1: 1007 daAuts
     D:5: 990 daAuts
     D:2: 871 daAuts
     D:3: 834 daAuts
     D:6: 614 daAuts
     D:7: 581 daAuts
 Ossuary: 365 daAuts
     D:8: 221 daAuts
